 Dungeon Crawl Stone Soup version 0.28-a0-793-g31680bbd8b (webtiles) character file.

Game seed: 14651229246003579891

165 horus123 the Magician (level 5, -19/28 HPs)
             Began as a Deep Elf Fire Elementalist on Nov 5, 2021.
             Killed from afar by Ijyb (29 damage)
             ... with a bolt of acid
             ... on level 3 of the Dungeon.
             The game lasted 00:05:22 (2361 turns).

horus123 the Magician (Deep Elf Fire Elementalist)  Turns: 2361, Time: 00:05:24

Health: -19/28     AC: -1    Str:  5    XL:     5   Next: 21%
Magic:  10/14      EV: 12    Int: 21    God:
Gold:   78         SH:  0    Dex: 15    Spells: 1/14 levels left

rFire   . . .      SeeInvis .   (no weapon)
rCold   . . .      Faith    .   (no shield)
rNeg    . . .      Spirit   .   a - +0 robe
rPois   .          Reflect  .   c - +0 helmet
rElec   .          Harm     .   (no cloak)
rCorr   .          Rampage  .   (no gloves)
Will    .....                   (no boots)
Stlth   ++........              (no amulet)
HPRegen 0.09/turn               (no ring)
MPRegen 0.14/turn               (no ring)

@: corroded, very slightly contaminated
A: no striking features
a: no special abilities


You were on level 3 of the Dungeon.
You visited 1 branch of the dungeon, and saw 3 of its levels.

You collected 78 gold pieces.

Inventory:

Armour
 a - a +0 robe (worn)
 c - a +0 helmet (worn)
Scrolls
 b - a scroll of brand weapon {unknown}
Potions
 d - a potion of brilliance {unknown}
 e - a potion of haste {unknown}
 f - a potion of heal wounds {unknown}
 g - a potion of attraction {unknown}
 h - 2 potions of might


   Skills:
 - Level 2.6 Dodging
 - Level 2.4 Stealth
 - Level 5.1 Spellcasting
 + Level 3.1 Conjurations
 - Level 4.5 Fire Magic


You had one spell level left.
You knew the following spells:

 Your Spells              Type           Power      Damage    Failure   Level
a - Foxfire               Conj/Fire      84%        2x1d8     2%          1
b - Scorch                Fire           48%        2d7       2%          2
c - Conjure Flame         Conj/Fire      21%        6-21      7%          3
d - Flame Wave            Conj/Fire      21%        3d6       22%         4
e - Inner Flame           Hex/Fire       14%        N/A       13%         3

Your spell library contained the following spells:

 Spells                   Type           Power      Damage    Failure   Level


Dungeon Overview and Level Annotations

Branches:
Dungeon (3/15)

Altars:

Annotations:
D:3 Ijyb


Message History

Unknown command.
Flames lash the orc.
You kill the orc!
An endoplasm comes into view.
Flames lash the endoplasm.
The endoplasm is heavily wounded.
The endoplasm's fire resistance burns away.
An endoplasm is nearby!
Flames lash the endoplasm.
The endoplasm is burned terribly!
You kill the endoplasm!
Things that are here:
a +0 short sword; a +0 leather armour
Found a leather armour.
You now have 78 gold pieces (gained 11).
You open the door.
Ijyb the Twisted Goblin comes into view.
She is wielding a +0 spectral club and carrying a wand of acid (9).
There is an open door here.
A kobold comes into view. It is wielding a +0 short sword.
The kobold shouts!
Ijyb zaps a wand.
The bolt of acid hits you!!
Ouch! That really hurt!
The acid corrodes you!
You are too injured to fight recklessly!
Casting: Scorch (safe; 2% risk of failure)
Press: ? - help, Q - select action, (/) - cycle Dir - look around, f - activate
Okay, then.
An orc comes into view. It is wielding a +0 dagger.
Casting: Scorch (safe; 2% risk of failure)
Press: ? - help, Q - select action, (/) - cycle Dir - look around, f - activate You miscast Scorch.
You are very lightly contaminated with residual magic.
Nothing appears to happen.
The orc shouts!
Casting: Scorch (safe; 2% risk of failure)
Press: ? - help, Q - select action, (/) - cycle Dir - look around, f - activate Flames lash the kobold.
You kill the kobold!
Ijyb zaps a wand.
The bolt of acid hits you!!
Ouch! That really hurt!
You die...

#####.#.###
.)....#...###
#########...#
#<..# #.#+####
###.#
##.....#######
....#
+.....'.....+
#####
#.....#...###
#.....#...#
........'@..+
####...##g..#
.....##o..#
.............
...... .......
. ........#
........#
##########


You could see Ijyb and an orc.

Vanquished Creatures
  Terence (D:2)
  Robin (D:2)
  4 gnolls (D:2)
  2 adders (D:2)
  A dart slug (D:1)
  An orc (D:3)
  3 ball pythons (D:1)
  8 endoplasms
  3 giant cockroaches
  15 goblins
  5 hobgoblins
  4 jackals (D:1)
  4 kobolds
  3 quokkas
  4 bats (D:1)
  3 frilled lizards (D:2)
  2 rats (D:1)
64 creatures vanquished.

Vanquished Creatures (others)
  150 foxfires
  7 toadstools (D:1)
157 creatures vanquished.

Grand Total: 221 creatures vanquished

Notes
Turn   | Place    | Note
-------+----------+-------------------------------------------
     0 | D:1      | horus123 the Deep Elf Fire Elementalist began the quest for
                  | the Orb.
     0 | D:1      | Reached XP level 1. HP: 10/10 MP: 6/6
   437 | D:1      | Reached XP level 2. HP: 15/15 MP: 5/8
   631 | D:1      | Learned a level 2 spell: Scorch
   918 | D:1      | Reached XP level 3. HP: 19/19 MP: 3/9
   922 | D:1      | Learned a level 3 spell: Conjure Flame
  1011 | D:1      | Found a faded altar of an unknown god.
  1394 | D:2      | Reached skill level 4 in Spellcasting
  1713 | D:2      | Reached XP level 4. HP: 24/24 MP: 6/12
  1719 | D:2      | Reached skill level 5 in Spellcasting
  1813 | D:2      | Learned a level 4 spell: Flame Wave
  1817 | D:2      | Learned a level 3 spell: Inner Flame
  1830 | D:2      | Identified the +1 helmet "Abomivvaas" {Dex+7}
  1830 | D:2      | Noticed Robin
  1842 | D:2      | Killed Robin
  2014 | D:2      | Noticed Terence
  2016 | D:2      | Killed Terence
  2017 | D:2      | Reached XP level 5. HP: 28/28 MP: 9/14
  2356 | D:3      | Noticed Ijyb
  2361 | D:3      | Killed from afar by Ijyb

Illustrated notes

Levels and vault maps discovered:
D:1:      nagdon_arrival_double_spiral, layout_rooms,
          hellmonk_ecumenical_altar_heavens_door
D:2:      layout_rooms, corexii_leaking_fountain, minmay_pentomino_q2,
          uniq_robin, uniq_terence
D:3:      layout_basic, uniq_jessica, uniq_ijyb, uniq_grinder

Skill      XL: |  1  2  3  4  5 |
---------------+----------------+-----
Fire Magic     | 4 |  4.5
Spellcasting   | 4 5 |  5.1
Conjurations   | 2 3 |  3.1
Dodging        | |  2.6
Stealth        | |  2.4

Action                   |  1- 3 |  4- 6 || total
-------------------------+-------+-------++-------
Melee: Unarmed           |     1 |       ||     1
 Cast: Foxfire           |    66 |    24 ||    90
       Scorch            |    11 |     7 ||    18
  Use: Scroll            |     3 |     1 ||     4
       Potion            |     1 |       ||     1
Armor: Robe              |     7 |     2 ||     9
Dodge: Dodged            |    22 |     4 ||    26

Table legend: (Time is in decaauts)
 A = Elapsed time spent in this place.
 B = Non-inter-level travel time spent in this place.
 C = Inter-level travel time spent in this place.
 D = Time resting spent in this place.
 E = Time spent auto-exploring this place.
 F = Levels seen in this place.
 G = Mean time per level.
                   A        B        C        D        E       F      G
               +--------+--------+--------+--------+--------+-----+--------+
         Total |   2365 |   2306 |     59 |    699 |   1296 |   3 |  788.3 |
       Dungeon |   2365 |   2306 |     59 |    699 |   1296 |   3 |  788.3 |
               +--------+--------+--------+--------+--------+-----+--------+

Top non-repeatable levels by time:
     D:1: 1255 daAuts
     D:2: 985 daAuts
     D:3: 123 daAuts
